 Dungeon Crawl Stone Soup version 0.30.0-19-g36f170ea60 (webtiles) character file.

Game seed: 10498751106799540958

4050 booth the Cleaver (level 10, -12/71 HPs)
             Began as a Gnoll Reaver on May 26, 2023.
             Was an Elder of Hepliaklqana.
             Mangled by a tengu warrior
             ... wielding a +0 long sword
              (14 damage)
             ... on level 9 of the Dungeon.
             The game lasted 00:54:12 (9060 turns).

booth the Cleaver (Gnoll Reaver)                    Turns: 9060, Time: 00:54:13

Health: -12/71     AC: 12    Str: 21    XL:     10   Next: 24%
Magic:  20/21      EV: 14    Int: 12    God:    Hepliaklqana [****..]
Gold:   711        SH:  0    Dex: 12    Spells: 13/23 levels left

rFire   . . .        r - +2 short sword (freeze)
rCold   + . .        (no shield)
rNeg    + + +        I - +2 steam dragon scales
rPois   +            e - +1 helmet
rElec   .            (no cloak)
rCorr   .            o - +1 pair of gloves
SInv    +            (no boots)
Will    .....        g - amulet "Opponn" {Acrobat -Tele rPois rN+++ SInv}
Stlth   +++          i - +6 ring of strength
HPRegen 0.31/turn    h - ring of protection from cold
MPRegen 0.17/turn

%: no teleportation, acrobat
@: no status effects
A: reduced essence, fangs 1, strong nose, distributed training
a: Renounce Religion, Recall Ancestor, Ancestor Identity, Transference, Idealise


You were on level 9 of the Dungeon.
You worshipped Hepliaklqana.
Hepliaklqana was greatly pleased with you.
You visited 2 branches of the dungeon, and saw 10 of its levels.
You also visited: Ossuary.

You collected 711 gold pieces.

Inventory:

Hand Weapons
 a - a +3 hand axe
 r - a +2 short sword of freezing (weapon)
 y - a +4 flail of protection
 D - a +2 mace of protection
Missiles
 f - 13 poisoned darts (quivered)
 z - a curare-tipped dart
Armour
 b - a +0 leather armour
 e - a +1 helmet (worn)
 o - a +1 pair of gloves (worn)
 s - a +1 ring mail of positive energy
 B - the +7 chain mail of Noroj {rC+++ Str-5 Int+2 Stlth+}
   (You found it on level 6 of the Dungeon)

   Str:       It affects your strength (-5).
   Int:       It affects your intelligence (+2).
   rC:        It renders you almost immune to cold.
   Stlth:     It makes you more stealthy.
 I - +2 steam dragon scales (worn)
Jewellery
 g - the amulet "Opponn" (around neck) {Acrobat -Tele rPois rN+++ SInv}
   (You acquired it on level 5 of the Dungeon)

   [amulet of the acrobat]

   It increases your evasion while moving and waiting.
   rPois:     It protects you from poison.
   rN:        It renders you almost immune to negative energy.
   SInv:      It lets you see invisible.
   -Tele:     It prevents most forms of teleportation.
 h - a ring of protection from cold (right hand)
 i - a +6 ring of strength (left hand)
 n - a ring of wizardry
 K - a ring of willpower
Wands
 m - a wand of flame (30)
 J - a wand of polymorph (7)
Scrolls
 p - 2 scrolls of magic mapping
 t - 3 scrolls of fog
 v - 3 scrolls of vulnerability
 w - 4 scrolls of teleportation
 A - a scroll of poison
 E - 2 scrolls of blinking
Potions
 c - 9 potions of curing
 d - 2 potions of magic
 j - 3 potions of heal wounds
 k - 2 potions of mutation
 l - 2 potions of berserk rage
 q - a potion of brilliance
 u - 3 potions of flight
 x - a potion of lignification
 C - a potion of cancellation
 F - a potion of attraction
 G - a potion of might
 H - a potion of haste


   Skills:
 + Level 7.1 Fighting
 + Level 5.3 Short Blades
 + Level 5.3 Long Blades
 + Level 8.5 Axes
 + Level 5.3 Maces & Flails
 + Level 5.3 Polearms
 + Level 5.3 Staves
 + Level 5.3 Ranged Weapons
 + Level 5.3 Throwing
 + Level 5.3 Armour
 + Level 7.1 Dodging
 + Level 5.3 Stealth
 + Level 5.3 Shields
 + Level 5.3 Unarmed Combat
 + Level 7.3 Spellcasting
 + Level 7.1 Conjurations
 + Level 4.3 Hexes
 + Level 4.3 Summonings
 + Level 4.3 Necromancy
 + Level 4.3 Translocations
 + Level 4.3 Transmutations
 + Level 4.3 Fire Magic
 + Level 4.3 Ice Magic
 + Level 4.3 Air Magic
 + Level 4.3 Earth Magic
 + Level 4.3 Poison Magic
 + Level 5.8 Invocations
 + Level 5.3 Evocations


You had 13 spell levels left.
You knew the following spells:

 Your Spells              Type           Power      Damage    Failure   Level
a - Kiss of Death         Conj/Necr      72%        2d10      1%          1
b - Momentum Strike       Conj/Tloc      36%        3d9       2%          2
c - Hailstorm             Conj/Ice       18%        3d6       4%          3
d - Passwall              Tmut/Erth      11%        N/A       4%          2
e - Poisonous Vapours     Pois/Air       28%        N/A       4%          2

Your spell library contained the following spells:

 Spells                   Type           Power      Damage    Failure   Level
 Sandblast                Erth           28%        2d8       2%          1
 Slow                     Hex            56%        N/A       2%          1
 Sting                    Tmut/Pois      56%        1d5       2%          1
 Stone Arrow              Conj/Erth      36%        3d9       4%          3
 Confusing Touch          Hex            14%        N/A       8%          3
 Frozen Ramparts          Ice            28%        1d5       8%          3
 Gell's Gravitas          Tloc           14%        N/A       8%          3
 Teleport Other           Tloc           14%        N/A       8%          3
 Vampiric Draining        Necr           14%        2d7       8%          3
 Vhi's Electric Charge    Tloc/Air       28%        N/A       8%          3
 Ice Form                 Ice/Tmut       14%        N/A       26%         4
 Olgreb's Toxic Radiance  Pois           14%        N/A       26%         4
 Summon Ice Beast         Ice/Summ       14%        N/A       26%         4
 Arcjolt                  Conj/Air       9%         1d19      38%         5
 Dispersal                Tloc           7%         N/A       99%         6
 Plasma Beam              Fire/Air       7%         2x1d19    99%         6


Dungeon Overview and Level Annotations

Branches:
Dungeon (9/15)             Temple (1/1) D:6         Ossuary (visited)
   Lair: D:8-11         Orc: D:9-12

Altars:
Ashenzari
Cheibriados
Dithmenos
Elyvilon
Fedhas
Gozag
Hepliaklqana
Kikubaaqudgha
Makhleb
Nemelex Xobeh
Okawaru
Qazlal
Ru
Sif Muna
Trog
Uskayaw
Vehumet
Wu Jian
Xom
Yredelemnul
Zin
The Shining One

Shops:
D:5 *

Annotations:
D:6 3 runed translucent doors, GloriousHammer's ghost, novice OgWr; Wentworth's ghost, novice MiFi; twolf1369's ghost, novice MiFi


Innate Abilities, Weirdness & Mutations

Your life essence is reduced to manifest your ancestor. (-10% HP)
You have very sharp teeth.
Your uncanny sense of smell can sniff out nearby items.
Your experience applies equally to all skills.


Message History

Beogh smites you!
Cenhelm hits the acid dragon with a +0 quarterstaff.
Okay, then.
The acid dragon barely misses Cenhelm.
The acid dragon closely misses Cenhelm.
The orc priest miscasts a cantrip.
Cenhelm hits the acid dragon with a +0 quarterstaff!
The acid dragon completely misses Cenhelm.
The acid dragon claws Cenhelm.
Cenhelm closely misses the acid dragon.
There is an open door here.
The acid dragon misses Cenhelm.
The acid dragon barely misses Cenhelm.
Cenhelm barely misses the acid dragon.
The orc priest invokes the aid of Beogh against you.
Beogh smites you!
* * * LOW HITPOINT WARNING * * *
The acid dragon spits acid at you.
The splash of acid hits Cenhelm!!
The acid corrodes Cenhelm!
Cenhelm hits the acid dragon with a +0 quarterstaff!!
The acid dragon dies!
You hear a shout!
You hear two shouts!
Cenhelm closely misses the tengu warrior.
The tengu warrior hits Cenhelm with a +0 long sword!!
Cenhelm is destroyed!
A death knight comes into view. It is wielding a +2 halberd.
You close the door.
The death knight moves out of view.
You start resting.
A tengu warrior opens the door.
It is wielding a +0 long sword and wearing a +0 kite shield of positive energy.
Okay, then.
Okay, then.
You feel much better.
You hit the tengu warrior but do no damage.
The tengu warrior hits you with a +0 long sword.
The tengu warrior pecks you.
The tengu warrior claws you but does no damage.
The tengu warrior blocks your attack.
Your punch misses the tengu warrior.
You bite the tengu warrior, but do no damage.
The death knight hits you from afar with a +2 halberd!!
* * * LOW HITPOINT WARNING * * *
The tengu warrior hits you with a +0 long sword!
You die...

#.# ##...## #.##
######+## #..#
#...##.# ##.#
#...##.# #.#
####...##.##
#.###..........##
#...............#####
#####................
####...##@######.
######Q# ##p## ∆ ∆
#oD.# ∆ ##†## #.# ∆
... #.# #.# ∆


You could see a death knight, a tengu warrior, an acid dragon and an orc priest.

Vanquished Creatures
  A water moccasin (D:6)
  A sky beast (D:7)
  An ogre (D:5)
  3 killer bees
  An orc priest (D:5)
  A jelly (D:6)
  A hound (D:4)
  2 orc wizards
  4 mummies (Ossuary)
  6 adders
  2 dart slugs
  11 orcs
  5 ball pythons
  4 bats
  5 endoplasms
  3 giant cockroaches
  4 goblins
  9 hobgoblins
  2 jackals (D:2)
  3 quokkas
  7 frilled lizards
  12 kobolds
  A kobold zombie (Ossuary)
  3 rats (D:1)
92 creatures vanquished.

Vanquished Creatures (collateral kills)
  Maggie (D:7)
  A wraith (D:7)
  2 wyverns (D:8)
  A steam dragon (D:6)
  Edmund (D:6)
  An acid dragon (D:9)
  Duvessa (D:7)
  A water moccasin (D:7)
  An ice beast (D:6)
  A sky beast (D:7)
  3 black bears
  An orc warrior (D:9)
  A centaur (D:8)
  2 phantoms
  2 kobold brigands (D:8)
  A gnoll sergeant (D:6)
  2 bullfrogs
  A scorpion (D:6)
  4 wights (D:5)
  Dowan (D:7)
  3 killer bees (D:8)
  A howler monkey (D:5)
  2 hounds
  2 orc priests
  2 jellies
  An iguana (D:4)
  An orc wizard (D:8)
  4 mummies (Ossuary)
  An adder (D:3)
  6 gnolls
  3 shadow imps
  2 white imps (D:4)
  2 worms (D:4)
  19 orcs
  3 endoplasms
  2 giant cockroaches (D:4)
  A goblin (D:3)
  A hobgoblin (D:4)
  4 kobolds (D:8)
  A quokka (D:4)
  A ball python (D:3)
  A gnoll zombie (Ossuary)
  3 hobgoblin zombies (Ossuary)
  3 kobold zombies (Ossuary)
98 creatures vanquished.

Vanquished Creatures (others)
  3 battlemagi
3 creatures vanquished.

Grand Total: 193 creatures vanquished

Notes
Turn   | Place    | Note
-------+----------+-------------------------------------------
     0 | D:1      | booth the Gnoll Reaver began the quest for the Orb.
     0 | D:1      | Reached XP level 1. HP: 20/20 MP: 6/6
   271 | D:1      | Reached XP level 2. HP: 26/26 MP: 7/7
   278 | D:1      | Learned a level 2 spell: Momentum Strike
   887 | D:2      | Reached skill level 5 in Spellcasting
   887 | D:2      | Reached XP level 3. HP: 31/31 MP: 7/9
   891 | D:2      | Learned a level 3 spell: Hailstorm
   946 | D:2      | Reached skill level 1 in Invocations
  1150 | D:2      | Reached skill level 1 in Short Blades
  1150 | D:2      | Reached skill level 1 in Long Blades
  1150 | D:2      | Reached skill level 1 in Maces & Flails
  1150 | D:2      | Reached skill level 1 in Polearms
  1150 | D:2      | Reached skill level 1 in Staves
  1150 | D:2      | Reached skill level 1 in Ranged Weapons
  1150 | D:2      | Reached skill level 1 in Throwing
  1150 | D:2      | Reached skill level 1 in Armour
  1150 | D:2      | Reached skill level 1 in Stealth
  1150 | D:2      | Reached skill level 1 in Shields
  1150 | D:2      | Reached skill level 1 in Unarmed Combat
  1150 | D:2      | Reached skill level 1 in Evocations
  1287 | D:2      | Reached XP level 4. HP: 38/38 MP: 11/11
  1835 | D:3      | Found a faded altar of an unknown god.
  1851 | D:3      | Reached skill level 1 in Hexes
  1851 | D:3      | Reached skill level 1 in Summonings
  1851 | D:3      | Reached skill level 1 in Necromancy
  1851 | D:3      | Reached skill level 1 in Translocations
  1851 | D:3      | Reached skill level 1 in Transmutations
  1851 | D:3      | Reached skill level 1 in Fire Magic
  1851 | D:3      | Reached skill level 1 in Ice Magic
  1851 | D:3      | Reached skill level 1 in Air Magic
  1851 | D:3      | Reached skill level 1 in Earth Magic
  1851 | D:3      | Reached skill level 1 in Poison Magic
  1999 | D:3      | Prayed at the altar of an unknown god.
  1999 | D:3      | Became a worshipper of Hepliaklqana the Forgotten
  1999 | D:3      | Reached * piety under Hepliaklqana
  2566 | D:4      | Reached XP level 5. HP: 30/38 MP: 12/12
  2677 | D:4      | Reached ** piety under Hepliaklqana
  2678 | D:4      | Remembered your ancestor Cenhelm as a battlemage
  2711 | D:4      | Found a burning altar of Makhleb.
  2991 | D:4      | Found an iron altar of Okawaru.
  2993 | D:4      | Found an ancient bone altar of Kikubaaqudgha.
  3214 | D:4      | Reached XP level 6. HP: 45/45 MP: 14/14
  3219 | D:4      | Reached skill level 5 in Fighting
  3219 | D:4      | Reached skill level 5 in Dodging
  3237 | D:4      | Found a hazy altar of Hepliaklqana.
  3471 | D:5      | Entered Level 5 of the Dungeon
  3562 | D:5      | Found a hide-covered altar of Uskayaw.
  3600 | D:5      | Reached skill level 7 in Axes
  3600 | D:5      | Reached XP level 7. HP: 49/50 MP: 15/15
  3969 | D:5      | Reached *** piety under Hepliaklqana
  3994 | D:5      | Reached XP level 8. HP: 45/56 MP: 13/16
  4241 | D:5      | Found Muuruy's General Store.
  4365 | D:5      | Identified a scroll of acquirement
  4366 | D:5      | Acquired the amulet "Opponn" {Acrobat -Tele rPois rN+++
                  | SInv}
  4716 | D:6      | Found a white marble altar of Elyvilon.
  4724 | D:6      | Learned a level 2 spell: Passwall
  4727 | D:6      | Learned a level 2 spell: Poisonous Vapours
  4732 | D:6      | Noticed Edmund
  4747 | D:6      | Killed Edmund
  5087 | D:6      | Found a staircase to the Ecumenical Temple.
  5096 | Temple   | Entered the Ecumenical Temple
  5296 | D:6      | Found a broken altar of Ashenzari.
  5307 | D:6      | Reached XP level 9. HP: 52/62 MP: 18/18
  5307 | D:6      | Found a sacrificial altar of Ru.
  5311 | D:6      | Found a glowing silver altar of Zin.
  5315 | D:6      | Identified the +7 chain mail of Noroj {rC+++ Str-5 Int+2
                  | Stlth+}
  5865 | D:6      | Found a runed translucent gate.
  5866 | D:6      | Found a runed translucent gate.
  5866 | D:6      | Found a runed translucent gate.
  5867 | D:6      | Noticed twolf1369's ghost (novice MiFi)
  5868 | D:6      | Noticed Wentworth's ghost (novice MiFi)
  5868 | D:6      | Noticed GloriousHammer's ghost (novice OgWr)
  6022 | D:7      | Reached **** piety under Hepliaklqana
  6253 | D:7      | Noticed Duvessa
  6253 | D:7      | Noticed Dowan
  6258 | D:7      | Killed Duvessa
  6262 | D:7      | Killed Dowan
  6263 | D:7      | Reached skill level 8 in Axes
  6401 | D:7      | Found a sand-covered staircase.
  6416 | Ossuary  | Entered an ossuary
  6908 | D:7      | Noticed Maggie
  6929 | D:7      | Killed Maggie
  6930 | D:7      | Reached skill level 5 in Invocations
  7898 | D:8      | Reached skill level 5 in Short Blades
  7898 | D:8      | Reached skill level 5 in Long Blades
  7898 | D:8      | Reached skill level 5 in Maces & Flails
  7898 | D:8      | Reached skill level 5 in Polearms
  7898 | D:8      | Reached skill level 5 in Staves
  7898 | D:8      | Reached skill level 5 in Ranged Weapons
  7898 | D:8      | Reached skill level 5 in Throwing
  7898 | D:8      | Reached skill level 5 in Armour
  7898 | D:8      | Reached skill level 5 in Stealth
  7898 | D:8      | Reached skill level 5 in Shields
  7898 | D:8      | Reached skill level 5 in Unarmed Combat
  7898 | D:8      | Reached skill level 5 in Evocations
  7898 | D:8      | Reached XP level 10. HP: 67/69 MP: 20/20
  7940 | D:8      | Found a sparkling altar of Nemelex Xobeh.
  8482 | D:8      | Found a shadowy altar of Dithmenos.
  8875 | D:9      | Found a stormy altar of Qazlal.
  9046 | D:9      | Noticed a tengu warrior
  9054 | D:9      | Noticed a death knight
  9060 | D:9      | HP: 2/71 [death knight/+2 halberd (32)]
  9060 | D:9      | Mangled by a tengu warrior

Illustrated notes

Levels and vault maps discovered:
D:1:      ebering_trefoil_twist, layout_basic
D:2:      layout_basic
D:3:      minmay_recursive_quarters, layout_loops_cross,
          nicolae_ecumenical_oubliette, wander_ebering_terrifying_dragon_lair
D:4:      layout_gridville, nicolae_hepliaklqana_hazy_memory,
          mainiacjoe_overflow_boulevard, mainiacjoe_overflow_catwalk_spiral,
          nicolae_grassy_gnolls
D:5:      layout_basic, nicolae_overflow_crystal_walls, serial_shops,
          nicolae_shop_window_shopping
D:6:      layout_basic, mainiacjoe_overflow_six_doors_small, minitemple,
          minmay_temple_entry_gardened_gates, gammafunk_ghost_cemetery,
          uniq_edmund
D:7:      layout_loops_ring, serial_co_window_serial, co_window_corner_a,
          co_window_corner_a, co_window_cross_1, co_window_paths_b,
          co_window_paths_b, co_window_paths_a, co_window_cross_1,
          co_window_corner_a, co_window_paths_a, co_window_of_opportunity_b,
          co_window_corner_cb, co_window_broadway_b, co_window_cross_2,
          co_window_unsneaky_path_e, glass_columns_c, glass_columns_a,
          glass_columns_a, glass_columns_c, nicolae_ossuary_entry_ruins,
          uniq_maggie, uniq_duvessa
D:8:      layout_loops_corners, nemelex_diamond_rough_becter,
          nicolae_dithmenos_through_a_glass_darkly
D:9:      hangedman_cross_veins, layout_loops_corners,
          nicolae_qazlal_general_emergency, chequers_serial_rivers_room_b
Temple:   cyrus_temple_forest

Skill      XL: |  1  2  3  4  5  6  7  8  9 10 |
---------------+-------------------------------+-----
Spellcasting   | 5 6 7 |  7.3
Invocations    | 1 2 3 4 5 |  5.8
Short Blades   | 1 2 3 5 |  5.3
Long Blades    | 1 2 3 5 |  5.3
Maces & Flails | 1 2 3 5 |  5.3
Polearms       | 1 2 3 5 |  5.3
Staves         | 1 2 3 5 |  5.3
Ranged Weapons | 1 2 3 5 |  5.3
Throwing       | 1 2 3 5 |  5.3
Armour         | 1 2 3 5 |  5.3
Stealth        | 1 2 3 5 |  5.3
Shields        | 1 2 3 5 |  5.3
Unarmed Combat | 1 2 3 5 |  5.3
Evocations     | 1 2 3 5 |  5.3
Hexes          | 1 2 3 4 |  4.3
Summonings     | 1 2 3 4 |  4.3
Necromancy     | 1 2 3 4 |  4.3
Translocations | 1 2 3 4 |  4.3
Transmutations | 1 2 3 4 |  4.3
Fire Magic     | 1 2 3 4 |  4.3
Ice Magic      | 1 2 3 4 |  4.3
Air Magic      | 1 2 3 4 |  4.3
Earth Magic    | 1 2 3 4 |  4.3
Poison Magic   | 1 2 3 4 |  4.3
Fighting       | 5 6 7 |  7.1
Dodging        | 5 6 7 |  7.1
Axes           | 7 8 |  8.5
Conjurations   | 6 7 |  7.1

Action                     |  1- 3 |  4- 6 |  7- 9 | 10-12 || total
---------------------------+-------+-------+-------+-------++-------
  Melee: Hand axe          |    94 |    92 |    12 |       ||   198
         Bite              |     5 |    12 |    25 |     3 ||    45
         Punch             |     1 |     3 |     6 |     1 ||    11
         Short sword       |       |       |   177 |    43 ||   220
  Throw: Dart              |       |     4 |     5 |     8 ||    17
   Cast: Kiss of Death     |       |       |     3 |       ||     3
         Hailstorm         |       |       |       |     1 ||     1
 Invoke: Ancestor Identity |       |     1 |       |       ||     1
         Ancestor Life: Ba |       |     1 |       |       ||     1
    Use: Scroll            |     3 |     8 |    11 |     2 ||    24
         Potion            |       |     1 |     2 |     2 ||     5
   Stab: Distracted        |       |     1 |       |       ||     1
 Armour: Leather armour    |    25 |    23 |    31 |       ||    79
         Steam dragon scal |       |       |    16 |    10 ||    26
  Dodge: Dodged            |    61 |    47 |   153 |    22 ||   283
